 Dungeon Crawl Stone Soup version 0.18-a0-1088-g34ef3a2 (webtiles) character file.

60 namelastname112 the Insei (level 3, 0/26 HPs)
             Began as a Draconian Wizard on Jan 15, 2016.
             Slain by a crimson imp (2 damage)
             ... on level 3 of the Dungeon.
             The game lasted 00:04:08 (1580 turns).

namelastname112 the Insei (Draconian Wizard)        Turns: 1580, Time: 00:04:08

Health: 0/26       AC:  6    Str:  9    XL:     3   Next: 80%
Magic:  0/7        EV: 12    Int: 23    God:
Gold:   105        SH:  0    Dex: 10    Spells: 1 memorised, 7 levels left

rFire  . . .     SeeInvis .       - Unarmed
rCold  . . .     Gourm    .     (armour unavailable)
rNeg   . . .     Faith    .     (no shield)
rPois  .         Spirit   .     a - +0 hat
rElec  .         Dismiss  .     (no cloak)
rCorr  .         Reflect  .     (no gloves)
SustAt .         Harm     .     h - +0 pair of boots
MR     .....                    (no amulet)
Stlth  ++........               (no ring)
                                (no ring)

@: brilliant, not resistant to hostile enchantments, unstealthy
A: unfitting armour, cold-blooded, AC +5
a: no special abilities


You were on level 3 of the Dungeon.
You were not hungry.

You visited 1 branch of the dungeon, and saw 3 of its levels.

You collected 105 gold pieces.

Inventory:

Armour
 a - a +0 hat (worn)
 h - a +0 pair of boots (worn)
Scrolls
 d - 6 scrolls of remove curse {unknown}
 e - 2 scrolls of random uselessness {unknown}
 f - a scroll of teleportation {unknown}
 g - 2 scrolls of fear {unknown}
 l - a scroll of blinking {unknown}
 m - a scroll of immolation {unknown}
 p - a scroll of enchant weapon {unknown}
Potions
 j - a potion of brilliance
 k - 2 potions of lignification {unknown}
 n - a potion of cure mutation {unknown}
Books
 b - a book of Minor Magic

   Spells                             Type                      Level
   a - Magic Dart                     Conjuration                  1
   b - Blink                          Translocation                2
   c - Call Imp                       Summoning                    2
   d - Repel Missiles                 Charms/Air                   2
   e - Slow                           Hexes                        2
   f - Conjure Flame                  Conjuration/Fire             3
   g - Mephitic Cloud                 Conjuration/Poison/Air       3
Comestibles
 c - a bread ration
 i - a slice of pizza
 o - a chunk of flesh


   Skills:
 - Level 1.7 Dodging
 - Level 1.7 Stealth
 * Level 3.5 Unarmed Combat
 - Level 3.0 Spellcasting
 - Level 1.0 Conjurations
   Level 1.0 Summonings
   Level 1.0 Translocations


You had 7 spell levels left.
You knew the following spells:

 Your Spells              Type           Power        Failure   Level  Hunger
z - Magic Dart            Conj           ###.         1%          1    None


Dungeon Overview and Level Annotations

Branches:
Dungeon (3/15)

Altars:


Innate Abilities, Weirdness & Mutations

Your plain brown scales are hard (AC +5).
Your body does not fit into most forms of armour.
You are cold-blooded and may be slowed by cold attacks.


Message History

Aiming: Magic Dart
Press: ? - help, Shift-Dir - straight line, f/p - crimson imp
Aim: a crimson imp (severely wounded)
The magic dart hits the crimson imp.
The crimson imp is severely wounded.
The crimson imp hits you.
* * * LOW HITPOINT WARNING * * *
You hit the crimson imp but do no damage.
You tail-slap the crimson imp.
The crimson imp is severely wounded.
The crimson imp shouts, "Bolt, thou clouted half-faced fleecer!"
The crimson imp hits you but does no damage.
You hit the crimson imp.
The crimson imp is severely wounded.
The crimson imp barely misses you.
Drink which item? (? for menu, Esc to quit)
It was a potion of brilliance.
You feel clever all of a sudden. The crimson imp hits you.
You die...

#.# #.# #(# #)#
#.# #.# . #.#
##.##########.##
....##.......@.#
#.#.##.######5.#
#.#.##.# ...#
#.#.##.# ....#
####.#.##.#
#....#
..........#
#.##.#
.........## #.
.# ####.#.#.# #.
.# #.#.#.#


You could see a crimson imp.

Vanquished Creatures
  An adder (D:2)
  An orc (D:3)
  3 giant cockroaches
  6 goblins
  6 hobgoblins
  4 jackals (D:2)
  A quokka (D:3)
  7 bats
  2 giant newts
  8 kobolds
  6 rats
45 creatures vanquished.

Notes
Turn   | Place    | Note
--------------------------------------------------------------
     0 | D:1      | namelastname112 the Draconian Wizard began the quest for the Orb.
     0 | D:1      | Reached XP level 1. HP: 14/14 MP: 4/4
    60 | D:1      | Reached skill level 1 in Unarmed Combat
   341 | D:1      | Reached XP level 2. HP: 14/20 MP: 1/6
   929 | D:2      | Reached XP level 3. HP: 26/26 MP: 1/7
  1580 | D:3      | Slain by a crimson imp

Vault maps used:
D:1:      co_arrival_square_in_a_square_in_a_square
D:3:      first_bread

Action                   || total
-------------------------++-------
Melee: Unarmed           ||   146
 Cast: Magic Dart        ||    64
  Use: Potion            ||     1
  Eat: Chunk             ||     2
